Moose vs Wranglers

Created - April 11, 2024 at 22:37

Goals
1 2 3 T
Moose 0 2 0 2
Wranglers 1 2 0 3
Shots
1 2 3 T
Moose 6 15 7 28
Wranglers 15 16 6 37

1st period

1. Wranglers , Ryan Donato 13 (Eric Karlsson 17, Petteri Lindbohm 19) at 18:16

Penalties :
Nelson Nogier (Man) for High sticking (Minor) at 7:47

2nd period

2. Moose , Mathieu Joseph 39 (Nikolay Goldobin 41, Michael McLeod 46) at 4:47 (PP)
3. Wranglers , Jesper Bratt 26 (Ryan Spooner 31, Nico Sturm 44) at 6:09
4. Moose , Tomas Jurco 10 (Nick Paul 29, Michael McLeod 47) at 7:41
5. Wranglers , Nico Sturm 31 (Evgeny Svechnikov 52, Peter Cehlarik 35) at 15:30

Penalties :
Petteri Lindbohm (Cal) for Hooking (Minor) at 0:42, Tage Thompson (Cal) for Holding (Minor) at 4:33, Jesper Bratt (Cal) for Tripping (Minor) at 18:27

3rd period

No Goal

Penalties :
Christian Jaros (Cal) for Hooking (Minor) at 5:32, Frank Corrado (Cal) for Holding (Minor) at 16:33

Goalie Stats

Filip Gustavsson (Man), 34 saves from 37 shots - (0.919), L, 34-22-3, 58:49 minutes
Michael Hutchinson (Cal), 26 saves from 28 shots - (0.929), W, 30-24-5, 60:00 minutes

Players Stats for Moose

Player Name              G  A  P  +/- PIM S  H  SB GA TA FO     MP     PP MP  PK MP  
------------------------------------------------------------------------------------
Anders Bjork             0  0  0   0  0   3  2  1  1  0  2/2    13:30   0:00   0:10 
Boris Katchouk           0  0  0   0  0   0  0  0  0  0  0/1     7:14   0:00   0:00 
Caleb Jones              0  0  0   1  0   0  1  1  0  0  0/0    19:29   3:09   0:55 
Chase De Leo             0  0  0   0  0   2  2  1  0  0  4/9    18:27   3:14   0:38 
Jake Leschyshyn          0  0  0   0  0   0  0  0  0  0  4/12   13:34   0:00   0:10 
Joey Keane               0  0  0  -2  0   0  1  0  0  0  0/0    14:55   0:00   0:00 
Jonatan Berggren         0  0  0   0  0   0  0  0  0  0  0/0     0:15   0:00   0:00 
Josh Mahura              0  0  0  -2  0   1  1  3  0  1  0/0    15:35   0:00   0:40 
Julien Gauthier          0  0  0   0  0   1  1  0  0  0  0/1    12:25   0:00   0:00 
Juuso Valimaki           0  0  0  -1  0   0  0  0  0  0  0/0    26:12   5:01   1:19 
Ludwig Bystrom           0  0  0  -1  0   0  2  0  0  0  0/0    25:57   5:01   1:04 
Mathieu Joseph           1  0  1  -2  0   4  4  0  0  0  2/4    24:28   4:56   0:00 
Michael McLeod           0  2  2  -2  0   4  1  2  2  0  9/24   21:07   4:56   1:11 
Nelson Nogier            0  0  0   1  2   3  0  1  0  2  0/0    18:12   3:09   0:00 
Nick Paul                0  1  1   0  0   4  1  0  0  0  0/0    18:38   3:14   0:38 
Nikolay Goldobin         0  1  1  -2  0   2  2  1  1  0  3/4    21:07   4:56   1:11 
Riley Damiani            0  0  0   0  0   0  1  0  0  0  0/0     7:14   0:00   0:00 
Tomas Jurco              1  0  1   0  0   4  0  0  1  1  0/0    19:41   3:14   0:00 

Players Stats for Wranglers

Player Name              G  A  P  +/- PIM S  H  SB GA TA FO     MP     PP MP  PK MP  
------------------------------------------------------------------------------------
Barclay Goodrow          0  0  0   0  0   2  2  1  0  0  0/0    20:43   0:55   4:34 
Brandon Hickey           0  0  0   0  0   1  3  1  0  0  0/0    19:23   1:18   4:08 
Christian Jaros          0  0  0  -1  2   0  2  1  0  0  0/0    13:28   0:00   1:55 
Dominik Masin            0  0  0   1  0   3  1  1  0  0  0/0    25:51   1:18   4:59 
Eric Karlsson            0  1  1   1  0   3  2  0  2  0  0/1    12:49   0:00   2:00 
Erik Brannstrom          0  0  0   1  0   1  0  0  0  0  0/0    15:03   0:00   0:27 
Evgeny Svechnikov        0  1  1   1  0   6  1  1  0  2  2/2    16:03   1:04   0:00 
Frank Corrado            0  0  0   1  2   0  1  1  0  0  0/0    17:53   0:41   1:18 
Jesper Bratt             1  0  1   0  2   5  3  0  0  0  0/2    16:51   1:04   1:36 
Nico Sturm               1  1  2   1  0   5  0  1  1  0  16/27  19:26   1:04   2:12 
Peter Cehlarik           0  1  1   1  0   1  0  0  0  2  5/11   20:34   0:00   4:55 
Petteri Lindbohm         0  1  1   2  2   1  2  4  1  1  0/0    27:44   0:41   3:33 
Ryan Donato              1  0  1   1  0   2  2  0  0  0  3/3    12:41   0:55   1:03 
Ryan Spooner             0  1  1   0  0   1  2  0  0  0  5/8    14:25   0:55   0:00 
Tage Thompson            0  0  0   0  2   1  1  0  0  0  0/0     9:23   0:00   0:00 
Taylor Raddysh           0  0  0   1  0   2  1  0  0  0  0/0    10:40   0:00   0:00 
Vitali Kravtsov          0  0  0   0  0   2  0  0  0  0  0/0     9:24   0:00   0:00 
Vladislav Kamenev        0  0  0   0  0   1  0  0  0  0  2/3     9:24   0:00   0:00 

3 Stars

1 - Nico Sturm (Cal)
2 - Ryan Donato (Cal)
3 - Petteri Lindbohm (Cal)

Power Play

Moose - 1 on 5 Attempt(s) - 20.00%
Wranglers - 0 on 1 Attempt(s) - 0.00%

Penalty Kill

Moose - 1 on 1 Attempt(s) - 100.00% - Score 0 goal in Penalty Kill
Wranglers - 4 on 5 Attempt(s) - 80.00% - Score 0 goal in Penalty Kill

Team Stat

Moose - Hits : 19 - Faceoff Wins : 24 - Blocked Shots : 10 - Penalty Minutes : 2
Wranglers - Hits : 23 - Faceoff Wins : 33 - Blocked Shots : 11 - Penalty Minutes : 10

Official

Referees : Kelly Sutherland and Trevor Hanson
Linesman : Shandor Alphonso and Matt MacPherson

Game Notes

No Game Note

Finance

Level 1 -- Attendance: 1898 (94.90%) -- Ticket Income $132,860
Level 2 -- Attendance: 901 (90.10%) -- Ticket Income $36,040
Total Attendance: 2799 (93.30%)
Total Ticket Income: $168,900
Other Income: $8,445
Total Income: $177,345

Moose

5 vs 5 Forward 
   Center                   Left Wing                Right Wing               Time % Phy DF OF 
 1 Michael McLeod           Nikolay Goldobin         Mathieu Joseph           40     1   2  2  
 2 Chase De Leo             Nick Paul                Tomas Jurco              30     1   2  2  
 3 Jake Leschyshyn          Anders Bjork             Julien Gauthier          20     1   2  2  
 4 Riley Damiani            Boris Katchouk           Mathieu Joseph           10     1   2  2  

5 vs 5 Defense 
   Defense                  Defense                                           Time % Phy DF OF 
 1 Ludwig Bystrom           Juuso Valimaki                                    40     1   2  2  
 2 Nelson Nogier            Caleb Jones                                       30     1   2  2  
 3 Josh Mahura              Joey Keane                                        20     1   2  2  
 4 Ludwig Bystrom           Juuso Valimaki                                    10     1   2  2  

PowerPlay Forward 
   Center                   Left Wing                Right Wing               Time % Phy DF OF 
 1 Michael McLeod           Nikolay Goldobin         Mathieu Joseph           60     1   2  2  
 2 Chase De Leo             Nick Paul                Tomas Jurco              40     1   2  2  

PowerPlay Defense
   Defense                  Defense                                           Time % Phy DF OF 
 1 Ludwig Bystrom           Juuso Valimaki                                    60     1   2  2  
 2 Nelson Nogier            Caleb Jones                                       40     1   2  2  

Penalty Kill 4 Players Forward 
   Center                   Wing                     Time % Phy DF OF 
 1 Michael McLeod           Nikolay Goldobin         60     1   2  2  
 2 Chase De Leo             Nick Paul                40     1   2  2  

Penalty Kill 4 Players Defense
   Defense                  Defense                  Time % Phy DF OF 
 1 Ludwig Bystrom           Juuso Valimaki           60     1   2  2  
 2 Nelson Nogier            Caleb Jones              40     1   2  2  

Penalty Kill - 3 Players Forward 
   Forward                                           Time % Phy DF OF 
 1 Michael McLeod                                    60     1   2  2  
 2 Chase De Leo                                      40     1   2  2  

Penalty Kill - 3 Players Defense
   Defense                  Defense                  Time % Phy DF OF 
 1 Ludwig Bystrom           Juuso Valimaki           60     1   2  2  
 2 Nelson Nogier            Caleb Jones              40     1   2  2  

4 vs 4 Forward 
   Center                   Wing                     Time % Phy DF OF 
 1 Michael McLeod           Nikolay Goldobin         60     1   2  2  
 2 Chase De Leo             Nick Paul                40     1   2  2  

4 vs 4 Defense
   Defense                  Defense                  Time % Phy DF OF 
 1 Ludwig Bystrom           Juuso Valimaki           60     1   2  2  
 2 Nelson Nogier            Caleb Jones              40     1   2  2  

Last Minutes Offensive
   Center                   Left Wing                Right Wing               Defense                  Defense                  
   Michael McLeod           Nikolay Goldobin         Mathieu Joseph           Ludwig Bystrom           Juuso Valimaki           

Last Minutes Defensive
   Center                   Left Wing                Right Wing               Defense                  Defense                  
   Michael McLeod           Nikolay Goldobin         Mathieu Joseph           Ludwig Bystrom           Juuso Valimaki           

Goaltenders
Starting : Filip Gustavsson         
Backup : Karel Vejmelka           

Extra Forwards
Normal : Chase De Leo, Nick Paul, Anders Bjork - PP : Chase De Leo, Nick Paul - PK : Chase De Leo
Extra Defensemen
Normal : Caleb Jones, Josh Mahura, Joey Keane - PP : Caleb Jones - PK : Caleb Jones, Josh Mahura
Penalty Shots
Mathieu Joseph, Tomas Jurco, Nikolay Goldobin, Michael McLeod, Chase De Leo
Custom OT Lines Forwards
Mathieu Joseph, Tomas Jurco, Nikolay Goldobin, Michael McLeod, Chase De Leo, Nick Paul, Anders Bjork, Julien Gauthier, Boris Katchouk, Jake Leschyshyn
Custom OT Lines Defensemen
Ludwig Bystrom, Juuso Valimaki, Nelson Nogier, Caleb Jones, Josh Mahura

Scratches
Vinni Lettieri (Healthy), Alexander Khovanov (Healthy), Matthew Benning (Left Foot Injury), Mitchell Stephens (Healthy), Jonathan Kovacevic (Healthy)
Adam Ginning (Healthy), Jonny Tychonick (Healthy), Max Jones (Healthy), Nathan Bastian (Healthy), William Bitten (Healthy)
Kieffer Bellows (Healthy), Joey Daccord (Healthy), Daniel Vladar (Healthy)

Wranglers

5 vs 5 Forward 
   Center                   Left Wing                Right Wing               Time % Phy DF OF 
 1 Nico Sturm               Peter Cehlarik           Evgeny Svechnikov        40     1   2  2  
 2 Ryan Spooner             Jesper Bratt             Barclay Goodrow          30     1   2  2  
 3 Ryan Donato              Eric Karlsson            Taylor Raddysh           20     1   2  2  
 4 Vladislav Kamenev        Vitali Kravtsov          Tage Thompson            10     1   2  2  

5 vs 5 Defense 
   Defense                  Defense                                           Time % Phy DF OF 
 1 Petteri Lindbohm         Dominik Masin                                     40     1   2  2  
 2 Erik Brannstrom          Frank Corrado                                     30     1   2  2  
 3 Christian Jaros          Brandon Hickey                                    20     1   2  2  
 4 Petteri Lindbohm         Brandon Hickey                                    10     1   2  2  

PowerPlay Forward 
   Center                   Left Wing                Right Wing               Time % Phy DF OF 
 1 Nico Sturm               Jesper Bratt             Evgeny Svechnikov        60     1   2  2  
 2 Ryan Spooner             Ryan Donato              Barclay Goodrow          40     1   2  2  

PowerPlay Defense
   Defense                  Defense                                           Time % Phy DF OF 
 1 Erik Brannstrom          Dominik Masin                                     60     1   2  2  
 2 Petteri Lindbohm         Frank Corrado                                     40     1   2  2  

Penalty Kill 4 Players Forward 
   Center                   Wing                     Time % Phy DF OF 
 1 Peter Cehlarik           Barclay Goodrow          60     1   2  2  
 2 Nico Sturm               Jesper Bratt             40     1   2  2  

Penalty Kill 4 Players Defense
   Defense                  Defense                  Time % Phy DF OF 
 1 Petteri Lindbohm         Dominik Masin            60     1   2  2  
 2 Christian Jaros          Brandon Hickey           40     1   2  2  

Penalty Kill - 3 Players Forward 
   Forward                                           Time % Phy DF OF 
 1 Ryan Spooner                                      60     1   2  2  
 2 Barclay Goodrow                                   40     1   2  2  

Penalty Kill - 3 Players Defense
   Defense                  Defense                  Time % Phy DF OF 
 1 Petteri Lindbohm         Dominik Masin            60     1   2  2  
 2 Christian Jaros          Brandon Hickey           40     1   2  2  

4 vs 4 Forward 
   Center                   Wing                     Time % Phy DF OF 
 1 Nico Sturm               Jesper Bratt             60     1   2  2  
 2 Ryan Spooner             Evgeny Svechnikov        40     1   2  2  

4 vs 4 Defense
   Defense                  Defense                  Time % Phy DF OF 
 1 Petteri Lindbohm         Dominik Masin            60     1   2  2  
 2 Erik Brannstrom          Frank Corrado            40     1   2  2  

Last Minutes Offensive
   Center                   Left Wing                Right Wing               Defense                  Defense                  
   Nico Sturm               Jesper Bratt             Evgeny Svechnikov        Erik Brannstrom          Dominik Masin            

Last Minutes Defensive
   Center                   Left Wing                Right Wing               Defense                  Defense                  
   Nico Sturm               Peter Cehlarik           Barclay Goodrow          Petteri Lindbohm         Dominik Masin            

Goaltenders
Starting : Michael Hutchinson       
Backup : Joel Hofer               

Extra Forwards
Normal : Jesper Bratt, Peter Cehlarik, Barclay Goodrow - PP : Peter Cehlarik, Eric Karlsson - PK : Peter Cehlarik
Extra Defensemen
Normal : Petteri Lindbohm, Brandon Hickey, Christian Jaros - PP : Frank Corrado - PK : Brandon Hickey, Christian Jaros
Penalty Shots
Jesper Bratt, Evgeny Svechnikov, Peter Cehlarik, Vitali Kravtsov, Ryan Spooner
Custom OT Lines Forwards
Peter Cehlarik, Evgeny Svechnikov, Nico Sturm, Jesper Bratt, Ryan Spooner, Eric Karlsson, Ryan Donato, Taylor Raddysh, Barclay Goodrow, Vitali Kravtsov
Custom OT Lines Defensemen
Dominik Masin, Erik Brannstrom, Petteri Lindbohm, Frank Corrado, Brandon Hickey

Scratches
Filip Hallander (Healthy), Skyler Brind'Amour (Healthy), John Gilmour (Healthy), Darren Raddysh (Healthy), Tim Berni (Healthy)
Ivan Chekhovich (Healthy), Trevor Carrick (Healthy), Radim Zohorna (Healthy), Demetrios Koumontzis (Healthy), Vitek Vanecek (Healthy)
Collin Delia (Healthy)

% Time on Ice - Moose

Lines # - Real PCT - Wanted PCT - Time Play
Normal Forward
1 - 31% - 40% - 15:15
2 - 29% - 30% - 14:13
3 - 25% - 20% - 12:08
4 - 15% - 10% - 7:14
Normal Defense
1 - 36% - 40% - 17:24
2 - 31% - 30% - 15:04
3 - 28% - 20% - 13:54
4 - 5% - 10% - 2:28
PP Forward
1 - 60% - 60% - 4:56
2 - 40% - 40% - 3:14
PP Defense
1 - 61% - 60% - 5:01
2 - 39% - 40% - 3:09
PK Forward
1 - 68% - 60% - 1:21
2 - 32% - 40% - 0:38
PK Defense
1 - 54% - 60% - 1:04
2 - 46% - 40% - 0:55
PK3 Forward
1 - 0% - 60%
2 - 0% - 40%
PK3 Defense
1 - 0% - 60%
2 - 0% - 40%
44 Forward
1 - 0% - 60%
2 - 0% - 40%
44 Defense
1 - 0% - 60%
2 - 0% - 40%
Last Minute Offensive  - 1:01
Last Minute Defensive  - 0:00
Total
Forward - 60:00
Defense - 60:00

% Time on Ice - Wranglers

Lines # - Real PCT - Wanted PCT - Time Play
Normal Forward
1 - 30% - 40% - 14:41
2 - 29% - 30% - 14:08
3 - 22% - 20% - 10:40
4 - 19% - 10% - 9:24
Normal Defense
1 - 39% - 40% - 18:50
2 - 32% - 30% - 15:53
3 - 23% - 20% - 11:10
4 - 6% - 10% - 3:00
PP Forward
1 - 54% - 60% - 1:04
2 - 46% - 40% - 0:55
PP Defense
1 - 66% - 60% - 1:18
2 - 34% - 40% - 0:41
PK Forward
1 - 73% - 60% - 5:58
2 - 27% - 40% - 2:12
PK Defense
1 - 65% - 60% - 5:20
2 - 35% - 40% - 2:50
PK3 Forward
1 - 0% - 60%
2 - 0% - 40%
PK3 Defense
1 - 0% - 60%
2 - 0% - 40%
44 Forward
1 - 0% - 60%
2 - 0% - 40%
44 Defense
1 - 0% - 60%
2 - 0% - 40%
Last Minute Offensive  - 0:00
Last Minute Defensive  - 0:58
Total
Forward - 60:00
Defense - 60:00

Play-by-Play

1st period


0:01 of 1st period - Nikolay Goldobin wins face-off versus Nico Sturm in neutral zone.
2:31 of 1st period - Wrist shot by Peter Cehlarik.
2:31 of 1st period - Shot Misses the Net.
3:23 of 1st period - Slapshot by Ryan Donato.
3:23 of 1st period - Shot Misses the Net.
3:25 of 1st period - Snap shot by Ryan Donato.
3:25 of 1st period - Deflect By Ludwig Bystrom.
3:25 of 1st period - Shot Misses the Net.
3:25 of 1st period - Puck is out of play.
3:26 of 1st period - Ryan Donato wins face-off versus Jake Leschyshyn in Moose zone.
3:27 of 1st period - Snap shot by Eric Karlsson.
3:27 of 1st period - Shot Blocked by Josh Mahura.
3:29 of 1st period - Snap shot by Eric Karlsson.
3:29 of 1st period - Stopped by Filip Gustavsson with a rebound.
3:31 of 1st period - Snap shot by Dominik Masin.
3:31 of 1st period - Stopped by Filip Gustavsson without a rebound.
3:32 of 1st period - Nico Sturm wins face-off versus Julien Gauthier in Moose zone.
3:33 of 1st period - Wrist shot by Evgeny Svechnikov.
3:33 of 1st period - Deflect By Nico Sturm.
3:33 of 1st period - Stopped by Filip Gustavsson without a rebound.
3:34 of 1st period - Anders Bjork wins face-off versus Peter Cehlarik in Moose zone.
3:47 of 1st period - Snap shot by Anders Bjork.
3:47 of 1st period - Stopped by Michael Hutchinson with a rebound.
3:49 of 1st period - Slapshot by Josh Mahura.
3:49 of 1st period - Stopped by Michael Hutchinson with a rebound.
4:19 of 1st period - Slapshot by Ryan Donato.
4:19 of 1st period - Shot Misses the Net.
4:43 of 1st period - Slapshot by Tage Thompson.
4:43 of 1st period - Shot Misses the Net.
4:45 of 1st period - Snap shot by Dominik Masin.
4:45 of 1st period - Stopped by Filip Gustavsson with a rebound.
4:47 of 1st period - Snap shot by Vitali Kravtsov.
4:47 of 1st period - Stopped by Filip Gustavsson without a rebound.
4:48 of 1st period - Nico Sturm wins face-off versus Jake Leschyshyn in Moose zone.
4:49 of 1st period - Snap shot by Evgeny Svechnikov.
4:49 of 1st period - Stopped by Filip Gustavsson without a rebound.
4:50 of 1st period - Nico Sturm wins face-off versus Jake Leschyshyn in Moose zone.
4:57 of 1st period - Wrist shot by Evgeny Svechnikov.
4:57 of 1st period - Stopped by Filip Gustavsson with a rebound.
4:59 of 1st period - Snap shot by Peter Cehlarik.
4:59 of 1st period - Shot Misses the Net.
5:01 of 1st period - Snap shot by Peter Cehlarik.
5:01 of 1st period - Deflect By Anders Bjork.
5:01 of 1st period - Shot Misses the Net.
5:01 of 1st period - Puck is out of play.
5:02 of 1st period - Peter Cehlarik wins face-off versus Michael McLeod in Moose zone.
5:03 of 1st period - Snap shot by Evgeny Svechnikov.
5:03 of 1st period - Shot Blocked by Michael McLeod.
5:27 of 1st period - Nick Paul is hit by Barclay Goodrow and loses puck.
6:35 of 1st period - Nick Paul is hit by Frank Corrado and loses puck.
6:42 of 1st period - Erik Brannstrom is hit by Chase De Leo and loses puck.
7:03 of 1st period - Wrist shot by Evgeny Svechnikov.
7:03 of 1st period - Shot Misses the Net.
7:17 of 1st period - Slapshot by Mathieu Joseph.
7:17 of 1st period - Shot Misses the Net.
7:19 of 1st period - Slapshot by Juuso Valimaki.
7:19 of 1st period - Shot Blocked by Brandon Hickey.
7:47 of 1st period - Minor Penalty to Nelson Nogier for High sticking.
7:48 of 1st period - Michael McLeod wins face-off versus Nico Sturm in Moose zone.
7:48 of 1st period - Michael McLeod is hit by Dominik Masin.
9:03 of 1st period - Snap shot by Jesper Bratt.
9:03 of 1st period - Stopped by Filip Gustavsson with a rebound.
9:05 of 1st period - Wrist shot by Nico Sturm.
9:05 of 1st period - Stopped by Filip Gustavsson without a rebound.
9:06 of 1st period - Jake Leschyshyn wins face-off versus Nico Sturm in Moose zone.
9:47 of 1st period - Penalty to Nelson Nogier is over, Nelson Nogier is back on ice.
9:53 of 1st period - Icing by Vitali Kravtsov.
9:54 of 1st period - Vladislav Kamenev wins face-off versus Boris Katchouk in Wranglers zone.
9:54 of 1st period - Vladislav Kamenev is hit by Josh Mahura.
10:11 of 1st period - Frank Corrado is hit by Mathieu Joseph and loses puck.
10:18 of 1st period - Slapshot by Petteri Lindbohm.
10:18 of 1st period - Shot Blocked by Josh Mahura.
10:20 of 1st period - Snap shot by Vitali Kravtsov.
10:20 of 1st period - Shot Blocked by Josh Mahura.
10:45 of 1st period - Wrist shot by Mathieu Joseph.
10:45 of 1st period - Stopped by Michael Hutchinson with a rebound.
11:03 of 1st period - Petteri Lindbohm is hit by Mathieu Joseph and loses puck.
11:27 of 1st period - Frank Corrado is hit by Riley Damiani and loses puck.
12:36 of 1st period - Snap shot by Mathieu Joseph.
12:36 of 1st period - Stopped by Michael Hutchinson with a rebound.
13:03 of 1st period - Slapshot by Petteri Lindbohm.
13:03 of 1st period - Stopped by Filip Gustavsson with a rebound.
13:10 of 1st period - Off-side.
13:11 of 1st period - Nico Sturm wins face-off versus Chase De Leo in neutral zone.
13:18 of 1st period - Icing by Evgeny Svechnikov.
13:19 of 1st period - Nico Sturm wins face-off versus Chase De Leo in Wranglers zone.
13:34 of 1st period - Wrist shot by Evgeny Svechnikov.
13:34 of 1st period - Stopped by Filip Gustavsson with a rebound.
13:44 of 1st period - Wrist shot by Nick Paul.
13:44 of 1st period - Stopped by Michael Hutchinson with a rebound.
13:46 of 1st period - Slapshot by Ludwig Bystrom.
13:46 of 1st period - Shot Blocked by Nico Sturm.
13:48 of 1st period - Wrist shot by Juuso Valimaki.
13:48 of 1st period - Shot Blocked by Evgeny Svechnikov.
14:04 of 1st period - Wrist shot by Tomas Jurco.
14:04 of 1st period - Stopped by Michael Hutchinson without a rebound.
14:05 of 1st period - Ryan Spooner wins face-off versus Jake Leschyshyn in Wranglers zone.
14:52 of 1st period - Chase De Leo is hit by Barclay Goodrow and loses puck.
15:04 of 1st period - Icing by Erik Brannstrom.
15:05 of 1st period - Jake Leschyshyn wins face-off versus Ryan Spooner in Wranglers zone.
15:53 of 1st period - Ludwig Bystrom is hit by Ryan Spooner.
16:03 of 1st period - Julien Gauthier is hit by Eric Karlsson and loses puck.
17:23 of 1st period - Icing by Dominik Masin.
17:24 of 1st period - Jake Leschyshyn wins face-off versus Eric Karlsson in Wranglers zone.
17:47 of 1st period - Chase De Leo is hit by Jesper Bratt and loses puck.
18:16 of 1st period - Slapshot by Ryan Donato.
18:16 of 1st period - Goal by Ryan Donato - Moose : 0 - Wranglers : 1.
18:17 of 1st period - Nico Sturm wins face-off versus Mathieu Joseph in neutral zone.
18:22 of 1st period - Slapshot by Nico Sturm.
18:22 of 1st period - Shot Misses the Net.
18:48 of 1st period - Juuso Valimaki is hit by Jesper Bratt and loses puck.
19:40 of 1st period - Snap shot by Ryan Donato.
19:40 of 1st period - Shot Misses the Net.
19:42 of 1st period - Slapshot by Petteri Lindbohm.
19:42 of 1st period - Shot Misses the Net.
19:44 of 1st period - Snap shot by Dominik Masin.
19:44 of 1st period - Stopped by Filip Gustavsson with a rebound.
19:54 of 1st period - Slapshot by Eric Karlsson.
19:54 of 1st period - Deflect By Ryan Donato.
19:54 of 1st period - Stopped by Filip Gustavsson without a rebound.
19:55 of 1st period - Nico Sturm wins face-off versus Chase De Leo in Moose zone.
19:58 of 1st period - Wrist shot by Evgeny Svechnikov.
19:58 of 1st period - Stopped by Filip Gustavsson with a rebound.
Goals for this period are 0 for Moose vs 1 for Wranglers.
Shots for this period are 6 for Moose vs 15 for Wranglers.

2nd period


0:01 of 2nd period - Nico Sturm wins face-off versus Nikolay Goldobin in neutral zone.
0:06 of 2nd period - Slapshot by Peter Cehlarik.
0:06 of 2nd period - Stopped by Filip Gustavsson with a rebound.
0:26 of 2nd period - Ludwig Bystrom is hit by Petteri Lindbohm.
0:34 of 2nd period - Snap shot by Tomas Jurco.
0:34 of 2nd period - Shot Misses the Net.
0:36 of 2nd period - Wrist shot by Tomas Jurco.
0:36 of 2nd period - Shot Blocked by Barclay Goodrow.
0:42 of 2nd period - Minor Penalty to Petteri Lindbohm for Hooking.
0:43 of 2nd period - Mathieu Joseph wins face-off versus Peter Cehlarik in Wranglers zone.
0:54 of 2nd period - Slapshot by Ludwig Bystrom.
0:54 of 2nd period - Deflect By Michael McLeod.
0:54 of 2nd period - Stopped by Michael Hutchinson without a rebound.
0:55 of 2nd period - Peter Cehlarik wins face-off versus Michael McLeod in Wranglers zone.
1:10 of 2nd period - Dominik Masin is hit by Mathieu Joseph and loses puck.
1:21 of 2nd period - Peter Cehlarik is hit by Ludwig Bystrom and loses puck.
1:26 of 2nd period - Slapshot by Chase De Leo.
1:26 of 2nd period - Stopped by Michael Hutchinson with a rebound.
1:30 of 2nd period - Snap shot by Chase De Leo.
1:30 of 2nd period - Deflect By Tomas Jurco.
1:30 of 2nd period - Stopped by Michael Hutchinson with a rebound.
2:42 of 2nd period - Penalty to Petteri Lindbohm is over, Petteri Lindbohm is back on ice.
3:47 of 2nd period - Wrist shot by Evgeny Svechnikov.
3:47 of 2nd period - Deflect By Peter Cehlarik.
3:47 of 2nd period - Shot Misses the Net.
3:47 of 2nd period - Puck is out of play.
3:48 of 2nd period - Evgeny Svechnikov wins face-off versus Jake Leschyshyn in Moose zone.
3:53 of 2nd period - Snap shot by Evgeny Svechnikov.
3:53 of 2nd period - Stopped by Filip Gustavsson with a rebound.
4:18 of 2nd period - Wrist shot by Jesper Bratt.
4:18 of 2nd period - Stopped by Filip Gustavsson with a rebound.
4:33 of 2nd period - Minor Penalty to Tage Thompson for Holding.
4:34 of 2nd period - Michael McLeod wins face-off versus Peter Cehlarik in Wranglers zone.
4:47 of 2nd period - Snap shot by Mathieu Joseph.
4:47 of 2nd period - Goal by Mathieu Joseph - Moose : 1 - Wranglers : 1.
4:48 of 2nd period - Michael McLeod wins face-off versus Nico Sturm in neutral zone.
4:57 of 2nd period - Evgeny Svechnikov is hit by Nikolay Goldobin.
5:12 of 2nd period - Icing by Juuso Valimaki.
5:13 of 2nd period - Ryan Spooner wins face-off versus Michael McLeod in Moose zone.
5:14 of 2nd period - Snap shot by Barclay Goodrow.
5:14 of 2nd period - Stopped by Filip Gustavsson without a rebound.
5:15 of 2nd period - Ryan Spooner wins face-off versus Michael McLeod in Moose zone.
5:23 of 2nd period - Icing by Michael McLeod.
5:24 of 2nd period - Evgeny Svechnikov wins face-off versus Michael McLeod in Moose zone.
5:35 of 2nd period - Wrist shot by Evgeny Svechnikov.
5:35 of 2nd period - Stopped by Filip Gustavsson without a rebound.
5:36 of 2nd period - Nikolay Goldobin wins face-off versus Nico Sturm in Moose zone.
6:09 of 2nd period - Snap shot by Jesper Bratt.
6:09 of 2nd period - Goal by Jesper Bratt - Moose : 1 - Wranglers : 2.
6:10 of 2nd period - Michael McLeod wins face-off versus Nico Sturm in neutral zone.
6:15 of 2nd period - Slapshot by Michael McLeod.
6:15 of 2nd period - Shot Blocked by Petteri Lindbohm.
6:27 of 2nd period - Snap shot by Nico Sturm.
6:27 of 2nd period - Stopped by Filip Gustavsson with a rebound.
6:41 of 2nd period - Ryan Spooner is hit by Ludwig Bystrom and loses puck.
7:06 of 2nd period - Wrist shot by Julien Gauthier.
7:06 of 2nd period - Stopped by Michael Hutchinson without a rebound.
7:07 of 2nd period - Nico Sturm wins face-off versus Michael McLeod in Wranglers zone.
7:07 of 2nd period - Nico Sturm is hit by Nikolay Goldobin.
7:41 of 2nd period - Wrist shot by Tomas Jurco.
7:41 of 2nd period - Goal by Tomas Jurco - Moose : 2 - Wranglers : 2.
7:42 of 2nd period - Michael McLeod wins face-off versus Nico Sturm in neutral zone.
7:47 of 2nd period - Snap shot by Caleb Jones.
7:47 of 2nd period - Deflect By Michael McLeod.
7:47 of 2nd period - Stopped by Michael Hutchinson with a rebound.
7:49 of 2nd period - Wrist shot by Mathieu Joseph.
7:49 of 2nd period - Shot Blocked by Petteri Lindbohm.
7:51 of 2nd period - Snap shot by Nikolay Goldobin.
7:51 of 2nd period - Stopped by Michael Hutchinson with a rebound.
7:53 of 2nd period - Snap shot by Michael McLeod.
7:53 of 2nd period - Shot Misses the Net.
7:55 of 2nd period - Slapshot by Nelson Nogier.
7:55 of 2nd period - Stopped by Michael Hutchinson with a rebound.
7:57 of 2nd period - Wrist shot by Michael McLeod.
7:57 of 2nd period - Shot Misses the Net.
8:16 of 2nd period - Snap shot by Tomas Jurco.
8:16 of 2nd period - Stopped by Michael Hutchinson with a rebound.
8:48 of 2nd period - Snap shot by Eric Karlsson.
8:48 of 2nd period - Stopped by Filip Gustavsson without a rebound.
8:49 of 2nd period - Ryan Donato wins face-off versus Michael McLeod in Moose zone.
9:02 of 2nd period - Ryan Donato is hit by Mathieu Joseph and loses puck.
9:13 of 2nd period - Michael McLeod is hit by Brandon Hickey and loses puck.
9:19 of 2nd period - Juuso Valimaki is hit by Taylor Raddysh and loses puck.
9:26 of 2nd period - Wrist shot by Ryan Donato.
9:26 of 2nd period - Shot Blocked by Caleb Jones.
9:28 of 2nd period - Slapshot by Christian Jaros.
9:28 of 2nd period - Shot Blocked by Michael McLeod.
9:30 of 2nd period - Slapshot by Brandon Hickey.
9:30 of 2nd period - Deflect By Nelson Nogier.
9:30 of 2nd period - Stopped by Filip Gustavsson with a rebound.
9:32 of 2nd period - Wrist shot by Taylor Raddysh.
9:32 of 2nd period - Stopped by Filip Gustavsson without a rebound.
9:33 of 2nd period - Chase De Leo wins face-off versus Nico Sturm in Moose zone.
9:37 of 2nd period - Off-side.
9:38 of 2nd period - Chase De Leo wins face-off versus Peter Cehlarik in neutral zone.
9:51 of 2nd period - Slapshot by Juuso Valimaki.
9:51 of 2nd period - Shot Misses the Net.
10:50 of 2nd period - Wrist shot by Vladislav Kamenev.
10:50 of 2nd period - Stopped by Filip Gustavsson without a rebound.
10:51 of 2nd period - Chase De Leo wins face-off versus Nico Sturm in Moose zone.
11:16 of 2nd period - Tomas Jurco is hit by Christian Jaros and loses puck.
11:29 of 2nd period - Ryan Spooner is hit by Joey Keane and loses puck.
11:42 of 2nd period - Tomas Jurco is hit by Jesper Bratt and loses puck.
11:49 of 2nd period - Christian Jaros is hit by Nick Paul and loses puck.
12:22 of 2nd period - Snap shot by Tomas Jurco.
12:22 of 2nd period - Shot Blocked by Christian Jaros.
12:24 of 2nd period - Wrist shot by Josh Mahura.
12:24 of 2nd period - Deflect By Chase De Leo.
12:24 of 2nd period - Stopped by Michael Hutchinson without a rebound.
12:25 of 2nd period - Nico Sturm wins face-off versus Michael McLeod in Wranglers zone.
12:39 of 2nd period - Off-side.
12:40 of 2nd period - Nico Sturm wins face-off versus Michael McLeod in neutral zone.
12:49 of 2nd period - Slapshot by Petteri Lindbohm.
12:49 of 2nd period - Shot Misses the Net.
12:51 of 2nd period - Slapshot by Nico Sturm.
12:51 of 2nd period - Stopped by Filip Gustavsson with a rebound.
13:15 of 2nd period - Wrist shot by Anders Bjork.
13:15 of 2nd period - Stopped by Michael Hutchinson without a rebound.
13:16 of 2nd period - Nico Sturm wins face-off versus Michael McLeod in Wranglers zone.
13:32 of 2nd period - Slapshot by Evgeny Svechnikov.
13:32 of 2nd period - Deflect By Peter Cehlarik.
13:32 of 2nd period - Shot Misses the Net.
13:32 of 2nd period - Puck is out of play.
13:33 of 2nd period - Ryan Spooner wins face-off versus Jake Leschyshyn in Moose zone.
13:38 of 2nd period - Snap shot by Ryan Spooner.
13:38 of 2nd period - Shot Misses the Net.
13:46 of 2nd period - Slapshot by Ryan Spooner.
13:46 of 2nd period - Shot Misses the Net.
13:48 of 2nd period - Slapshot by Petteri Lindbohm.
13:48 of 2nd period - Shot Misses the Net.
14:48 of 2nd period - Snap shot by Ryan Spooner.
14:48 of 2nd period - Stopped by Filip Gustavsson without a rebound.
14:49 of 2nd period - Anders Bjork wins face-off versus Ryan Spooner in Moose zone.
15:02 of 2nd period - Wrist shot by Jesper Bratt.
15:02 of 2nd period - Stopped by Filip Gustavsson with a rebound.
15:10 of 2nd period - Slapshot by Barclay Goodrow.
15:10 of 2nd period - Stopped by Filip Gustavsson with a rebound.
15:12 of 2nd period - Wrist shot by Barclay Goodrow.
15:12 of 2nd period - Shot Misses the Net.
15:14 of 2nd period - Wrist shot by Ryan Spooner.
15:14 of 2nd period - Deflect By Barclay Goodrow.
15:14 of 2nd period - Shot Blocked by Nelson Nogier.
15:14 of 2nd period - Puck is out of play.
15:15 of 2nd period - Nico Sturm wins face-off versus Michael McLeod in Moose zone.
15:30 of 2nd period - Wrist shot by Nico Sturm.
15:30 of 2nd period - Goal by Nico Sturm - Moose : 2 - Wranglers : 3.
15:31 of 2nd period - Nico Sturm wins face-off versus Michael McLeod in neutral zone.
15:58 of 2nd period - Nick Paul is hit by Ryan Spooner and loses puck.
16:27 of 2nd period - Taylor Raddysh is hit by Anders Bjork and loses puck.
17:07 of 2nd period - Wrist shot by Nico Sturm.
17:07 of 2nd period - Shot Misses the Net.
18:21 of 2nd period - Snap shot by Nick Paul.
18:21 of 2nd period - Stopped by Michael Hutchinson with a rebound.
18:23 of 2nd period - Wrist shot by Nick Paul.
18:23 of 2nd period - Stopped by Michael Hutchinson without a rebound.
18:24 of 2nd period - Jake Leschyshyn wins face-off versus Jesper Bratt in Wranglers zone.
18:25 of 2nd period - Snap shot by Anders Bjork.
18:25 of 2nd period - Stopped by Michael Hutchinson with a rebound.
18:27 of 2nd period - Minor Penalty to Jesper Bratt for Tripping.
18:28 of 2nd period - Peter Cehlarik wins face-off versus Michael McLeod in Wranglers zone.
18:40 of 2nd period - Off-side.
18:41 of 2nd period - Peter Cehlarik wins face-off versus Michael McLeod in neutral zone.
19:23 of 2nd period - Off-side.
19:24 of 2nd period - Nico Sturm wins face-off versus Chase De Leo in neutral zone.
Goals for this period are 2 for Moose vs 2 for Wranglers.
Shots for this period are 15 for Moose vs 16 for Wranglers.

3rd period


0:01 of 3rd period - Michael McLeod wins face-off versus Peter Cehlarik in neutral zone.
0:06 of 3rd period - Petteri Lindbohm is hit by Michael McLeod and loses puck.
0:27 of 3rd period - Penalty to Jesper Bratt is over, Jesper Bratt is back on ice.
0:29 of 3rd period - Snap shot by Tomas Jurco.
0:29 of 3rd period - Deflect By Nick Paul.
0:29 of 3rd period - Stopped by Michael Hutchinson with a rebound.
0:31 of 3rd period - Slapshot by Nelson Nogier.
0:31 of 3rd period - Stopped by Michael Hutchinson with a rebound.
0:33 of 3rd period - Slapshot by Nelson Nogier.
0:33 of 3rd period - Stopped by Michael Hutchinson without a rebound.
0:34 of 3rd period - Ryan Donato wins face-off versus Michael McLeod in Wranglers zone.
0:47 of 3rd period - Slapshot by Erik Brannstrom.
0:47 of 3rd period - Deflect By Taylor Raddysh.
0:47 of 3rd period - Stopped by Filip Gustavsson with a rebound.
0:49 of 3rd period - Wrist shot by Frank Corrado.
0:49 of 3rd period - Shot Blocked by Nikolay Goldobin.
1:13 of 3rd period - Brandon Hickey is hit by Chase De Leo.
1:39 of 3rd period - Off-side.
1:40 of 3rd period - Michael McLeod wins face-off versus Ryan Spooner in neutral zone.
1:47 of 3rd period - Snap shot by Nikolay Goldobin.
1:47 of 3rd period - Shot Blocked by Petteri Lindbohm.
1:49 of 3rd period - Snap shot by Michael McLeod.
1:49 of 3rd period - Stopped by Michael Hutchinson without a rebound.
1:50 of 3rd period - Michael McLeod wins face-off versus Jesper Bratt in Wranglers zone.
2:01 of 3rd period - Wrist shot by Michael McLeod.
2:01 of 3rd period - Shot Misses the Net.
2:09 of 3rd period - Wrist shot by Nikolay Goldobin.
2:09 of 3rd period - Shot Misses the Net.
2:29 of 3rd period - Slapshot by Nikolay Goldobin.
2:29 of 3rd period - Stopped by Michael Hutchinson with a rebound.
2:31 of 3rd period - Wrist shot by Michael McLeod.
2:31 of 3rd period - Shot Blocked by Petteri Lindbohm.
2:33 of 3rd period - Wrist shot by Nikolay Goldobin.
2:33 of 3rd period - Shot Blocked by Dominik Masin.
2:35 of 3rd period - Slapshot by Mathieu Joseph.
2:35 of 3rd period - Stopped by Michael Hutchinson with a rebound.
2:43 of 3rd period - Wrist shot by Michael McLeod.
2:43 of 3rd period - Stopped by Michael Hutchinson with a rebound.
2:45 of 3rd period - Slapshot by Caleb Jones.
2:45 of 3rd period - Shot Misses the Net.
2:53 of 3rd period - Snap shot by Mathieu Joseph.
2:53 of 3rd period - Deflect By Jesper Bratt.
2:53 of 3rd period - Shot Misses the Net.
2:53 of 3rd period - Puck is out of play.
2:54 of 3rd period - Nico Sturm wins face-off versus Chase De Leo in Wranglers zone.
3:29 of 3rd period - Snap shot by Jake Leschyshyn.
3:29 of 3rd period - Shot Blocked by Frank Corrado.
3:36 of 3rd period - Icing by Ryan Donato.
3:37 of 3rd period - Chase De Leo wins face-off versus Vladislav Kamenev in Wranglers zone.
3:46 of 3rd period - Snap shot by Vitali Kravtsov.
3:46 of 3rd period - Stopped by Filip Gustavsson with a rebound.
3:52 of 3rd period - Wrist shot by Tage Thompson.
3:52 of 3rd period - Stopped by Filip Gustavsson with a rebound.
4:04 of 3rd period - Nico Sturm is hit by Julien Gauthier and loses puck.
4:27 of 3rd period - Wrist shot by Eric Karlsson.
4:27 of 3rd period - Stopped by Filip Gustavsson with a rebound.
5:32 of 3rd period - Minor Penalty to Christian Jaros for Hooking.
5:33 of 3rd period - Peter Cehlarik wins face-off versus Mathieu Joseph in Wranglers zone.
7:03 of 3rd period - Michael McLeod is hit by Eric Karlsson and loses puck.
7:32 of 3rd period - Penalty to Christian Jaros is over, Christian Jaros is back on ice.
7:45 of 3rd period - Snap shot by Petteri Lindbohm.
7:45 of 3rd period - Shot Blocked by Anders Bjork.
8:03 of 3rd period - Slapshot by Erik Brannstrom.
8:03 of 3rd period - Shot Misses the Net.
8:25 of 3rd period - Snap shot by Taylor Raddysh.
8:25 of 3rd period - Shot Blocked by Chase De Leo.
8:45 of 3rd period - Barclay Goodrow is hit by Anders Bjork and loses puck.
8:56 of 3rd period - Nelson Nogier is hit by Brandon Hickey and loses puck.
9:57 of 3rd period - Julien Gauthier is hit by Ryan Donato and loses puck.
11:01 of 3rd period - Snap shot by Tage Thompson.
11:01 of 3rd period - Shot Misses the Net.
11:58 of 3rd period - Juuso Valimaki is hit by Ryan Donato and loses puck.
12:15 of 3rd period - Joey Keane is hit by Petteri Lindbohm and loses puck.
12:50 of 3rd period - Icing by Josh Mahura.
12:51 of 3rd period - Vladislav Kamenev wins face-off versus Jake Leschyshyn in Moose zone.
13:14 of 3rd period - Ludwig Bystrom is hit by Evgeny Svechnikov and loses puck.
13:31 of 3rd period - Wrist shot by Jesper Bratt.
13:31 of 3rd period - Stopped by Filip Gustavsson without a rebound.
13:32 of 3rd period - Ryan Spooner wins face-off versus Jake Leschyshyn in Moose zone.
14:40 of 3rd period - Anders Bjork is hit by Tage Thompson.
15:04 of 3rd period - Chase De Leo is hit by Brandon Hickey and loses puck.
15:11 of 3rd period - Slapshot by Ryan Spooner.
15:11 of 3rd period - Shot Hit the Post.
15:13 of 3rd period - Wrist shot by Jesper Bratt.
15:13 of 3rd period - Deflect By Barclay Goodrow.
15:13 of 3rd period - Shot Misses the Net.
15:13 of 3rd period - Puck is out of play.
15:14 of 3rd period - Michael McLeod wins face-off versus Nico Sturm in Moose zone.
16:04 of 3rd period - Snap shot by Julien Gauthier.
16:04 of 3rd period - Shot Misses the Net.
16:20 of 3rd period - Snap shot by Peter Cehlarik.
16:20 of 3rd period - Shot Misses the Net.
16:22 of 3rd period - Snap shot by Erik Brannstrom.
16:22 of 3rd period - Stopped by Filip Gustavsson without a rebound.
16:23 of 3rd period - Nikolay Goldobin wins face-off versus Nico Sturm in Moose zone.
16:33 of 3rd period - Minor Penalty to Frank Corrado for Holding.
16:34 of 3rd period - Mathieu Joseph wins face-off versus Peter Cehlarik in Wranglers zone.
18:13 of 3rd period - Mathieu Joseph is hit by Christian Jaros and loses puck.
18:33 of 3rd period - Penalty to Frank Corrado is over, Frank Corrado is back on ice.
18:46 of 3rd period - Erik Brannstrom is hit by Caleb Jones and loses puck.
18:49 of 3rd period - Moose, Filip Gustavsson is pulled from the net.
19:21 of 3rd period - Snap shot by Peter Cehlarik.
19:21 of 3rd period - Shot Misses the Net.
Goals for this period are 0 for Moose vs 0 for Wranglers.
Shots for this period are 7 for Moose vs 6 for Wranglers. Output by the SimonT Hockey Simulator (STHS) for Francois Prevost - Original Page W3C HTML5 Valid
Hockey Simulator - Hockey Simulation - Hockey Manager